 Dungeon Crawl Stone Soup version 0.30-a0-930-gb9d0489357 (webtiles) character file.

Game seed: 752808085805155952

3201 mopl the Covert (level 9, 0/54 HPs)
             Began as an Octopode Brigand on Mar 23, 2023.
             Was an Initiate of Dithmenos.
             Slain by a wyvern (3 damage)
             ... on level 8 of the Dungeon.
             The game lasted 00:10:08 (6436 turns).

mopl the Covert (Octopode Brigand)                  Turns: 6436, Time: 00:10:10

Health: 0/54       AC:  1    Str: 10    XL:     9   Next: 96%
Magic:  13/13      EV: 12    Int: 18    God:    Dithmenos [......]
Gold:   353        SH: 11    Dex: 13    Spells: 6/14 levels left

rFire   . . .      SeeInvis +    a - +1 dagger (venom)
rCold   . . .      Faith    .    l - +1 buckler {reflect}
rNeg    . . .      Spirit   .    (helmet restricted)
rPois   .          Reflect  +    h - amulet of reflection
rElec   .          Rampage  .    w - ring of see invisible
rCorr   .                        C - ring of wizardry
Will    .....                    (no ring)
Stlth   +++++                    (no ring)
HPRegen 0.29/turn                (no ring)
MPRegen 0.13/turn                (no ring)
                                 (no ring)
                                 (no ring)

@: no status effects
A: almost no armour, amphibious, 8 rings, camouflage 1, gelatinous body 1,
(nimble swimmer 1), tentacles
a: Renounce Religion


You were on level 8 of the Dungeon.
You worshipped Dithmenos.
Dithmenos was noncommittal.
You visited 2 branches of the dungeon, and saw 9 of its levels.

You collected 353 gold pieces.

Inventory:

Hand Weapons
 a - a +1 dagger of venom (weapon)
 b - a +3 antimagic dagger
 G - a +2 dagger
 J - a +2 dagger of speed
 L - the +11 falchion "Umon" {protect, Int+8 Dex-5}
   (You found it on level 8 of the Dungeon)

   Int:       It affects your intelligence (+8).
   Dex:       It affects your dexterity (-5).
Missiles
 c - 3 curare-tipped darts
 u - 14 poisoned darts (quivered)
 y - 7 boomerangs
Armour
 l - a +1 buckler of reflection (worn)
Magical Staves
 n - a staff of air
Jewellery
 h - an amulet of reflection (around mantle)
 w - a ring of see invisible (left tentacle)
 C - a ring of wizardry (right tentacle)
 E - a ring of flight
Wands
 H - a wand of flame (21)
Scrolls
 d - a scroll of blinking {unknown}
 f - 3 scrolls of teleportation {unknown}
 g - a scroll of immolation {unknown}
 i - 5 scrolls of identify {unknown}
 o - a scroll of amnesia {unknown}
 s - 2 scrolls of poison {unknown}
 t - 3 scrolls of magic mapping {unknown}
 v - 2 scrolls of enchant weapon {unknown}
 z - a scroll of enchant armour {unknown}
 B - a scroll of vulnerability {unknown}
 F - a scroll of fear {unknown}
 K - 3 scrolls of fog {unknown}
Potions
 e - 2 potions of degeneration {unknown}
 j - a potion of flight {unknown}
 k - 4 potions of curing {unknown}
 m - 3 potions of might
 p - 2 potions of haste
 q - 3 potions of mutation {unknown}
 r - 2 potions of heal wounds {unknown}
 x - 2 potions of brilliance {unknown}
 A - a potion of lignification {unknown}
 D - a potion of berserk rage {unknown}
 I - 2 potions of invisibility {unknown}


   Skills:
 - Level 2.0 Fighting
 + Level 6.5 Short Blades
 + Level 6.5 Throwing
 - Level 1.0 Dodging
 + Level 10.4 Stealth
 - Level 5.0 Shields
 - Level 3.0 Spellcasting
 + Level 3.0 Hexes
 + Level 4.2 Poison Magic
 + Level 1.4 Invocations


You had 6 spell levels left.
You knew the following spells:

 Your Spells              Type           Power      Damage    Failure   Level
f - Cause Fear            Hex            6%         N/A       24%         4
o - Olgreb's Toxic Radia  Pois           18%        N/A       14%         4

Your spell library contained the following spells:

 Spells                   Type           Power      Damage    Failure   Level
 Sting                    Tmut/Pois      40%        1d5       3%          1
 Poisonous Vapours        Pois/Air       20%        N/A       5%          2
 Beastly Appendage        Tmut           4%         N/A       9%          1
 Spider Form              Tmut/Pois      10%        N/A       11%         3
 Wereblood                Tmut           2%         N/A       12%         2
 Inner Flame              Hex/Fire       8%         N/A       13%         3
 Summon Guardian Golem    Hex/Summ       8%         N/A       13%         3
 Frozen Ramparts          Ice            4%         1d1       24%         3
 Ice Form                 Ice/Tmut       2%         N/A       58%         4
 Summon Ice Beast         Ice/Summ       2%         N/A       58%         4
 Orb of Destruction       Conj           1%         9d5       100%        7
 Spellforged Servitor     Conj/Summ      1%         N/A       100%        7
 Discord                  Hex            6%         N/A       100%        8


Dungeon Overview and Level Annotations

Branches:
Dungeon (8/15)             Temple (1/1) D:7
   Lair: D:8-11

Altars:
Ashenzari
Cheibriados
Dithmenos
Elyvilon
Hepliaklqana
Makhleb
Nemelex Xobeh
Okawaru
Qazlal
Trog
Wu Jian
Xom
Yredelemnul
Zin
The Shining One

Shops:
D:8 :

Portals:
Abyss: D:5

Annotations:
D:5 2 transporters, UltraNumeron's ghost, novice KoEn


Innate Abilities, Weirdness & Mutations

You cannot wear most types of armour.
You are amphibious.
You can wear up to eight rings at the same time.
Your skin changes colour to match your surroundings (Stealth+).
Your rubbery body absorbs attacks. (AC +1, EV +1)
((You are camouflaged when in or above water. (Stealth+)))
You have tentacles for arms and can constrict up to eight enemies at once.


Message History

You hit the wyvern but do no damage.
The wyvern is poisoned.
The wyvern is lightly wounded.
The wyvern closely misses you.
You hit the wyvern.
The wyvern looks even sicker.
The wyvern is lightly wounded.
You block the wyvern's attack.
You closely miss the wyvern.
The wyvern is lightly wounded.
The wyvern bites you.
You hit the wyvern but do no damage.
The wyvern is lightly wounded.
You block the wyvern's attack.
You hit the wyvern but do no damage.
The wyvern looks as sick as possible!
The wyvern is moderately wounded.
The wyvern bites you!
You are too injured to fight recklessly!
You are too injured to fight recklessly!
You hit the wyvern but do no damage.
The wyvern looks as sick as possible!
The wyvern is moderately wounded.
The wyvern bites you.
* * * LOW HITPOINT WARNING * * *
You hit the wyvern.
The wyvern looks as sick as possible!
The wyvern is moderately wounded.
The wyvern bites you.
* * * LOW HITPOINT WARNING * * *
The wyvern bites you!
* * * LOW HITPOINT WARNING * * *
Aiming: Throw Flame
Press: ? - help, Shift-Dir - straight line, f - wyvern
Aim: a wyvern (heavily wounded, extremely poisoned, 68% to hit)
The puff of flame hits the wyvern.
The wyvern is severely wounded.
The wyvern closely misses you.
Aiming: Throw Flame
Press: ? - help, Shift-Dir - straight line, f/p - wyvern
Aim: a wyvern (almost dead, extremely poisoned, 68% to hit)
The puff of flame hits the wyvern but does no damage.
The wyvern is almost dead.
The wyvern bites you.
You die...

##### ######..l#
######...##.@.###.
###...................
#...####...##...###...
#.### #...##...# . #.#
#...##...# #.#
#(..##...# #.#
#.......##
###.######.......#
#................#


You could see a wyvern (extremely poisoned).

Vanquished Creatures
  Pikel (D:4)
  A cyclops (D:8)
  Grinder (D:3)
  Prince Ribbit (D:5)
  Sigmund (D:3)
  A human (D:4)
  A steam dragon (D:6)
  A black bear (D:4)
  A sky beast (D:7)
  3 ogres
  A lemure (D:4)
  A kobold brigand (D:7)
  A bullfrog (D:6)
  2 scorpions
  A crimson imp (D:4)
  4 hounds
  3 jellies
  5 orc priests
  5 iguanas
  A human skeleton (D:4)
  3 sleepcaps
  2 orc wizards
  Robin (D:2)
  A gnoll (D:3)
  6 adders
  A shadow imp (D:6)
  2 white imps
  A worm (D:2)
  2 dart slugs
  20 orcs
  6 ball pythons (D:1)
  5 endoplasms
  7 giant cockroaches
  9 goblins
  12 hobgoblins
  8 jackals
  5 quokkas
  7 bats
  3 frilled lizards
  A goblin skeleton (D:4)
  A goblin zombie (D:4)
  2 hobgoblin zombies (D:4)
  12 kobolds
  2 orc skeletons (D:4)
  2 orc zombies (D:4)
  2 rats
159 creatures vanquished.

Vanquished Creatures (others)
  A plant (D:6)
1 creature vanquished.

Grand Total: 160 creatures vanquished

Notes
Turn   | Place    | Note
-------+----------+-------------------------------------------
     0 | D:1      | mopl the Octopode Brigand began the quest for the Orb.
     0 | D:1      | Reached XP level 1. HP: 14/14 MP: 1/1
   162 | D:1      | Reached XP level 2. HP: 15/19 MP: 2/2
   440 | D:1      | Reached XP level 3. HP: 21/24 MP: 3/3
   833 | D:2      | Noticed Robin
   914 | D:1      | Reached skill level 6 in Stealth
  1024 | D:2      | Killed Robin
  1025 | D:2      | Reached XP level 4. HP: 13/29 MP: 4/4
  1126 | D:2      | Found a faded altar of an unknown god.
  1202 | D:2      | Reached skill level 3 in Short Blades
  1344 | D:2      | Reached skill level 3 in Throwing
  1832 | D:3      | Noticed Sigmund
  1842 | D:3      | Killed Sigmund
  1843 | D:3      | Reached skill level 7 in Stealth
  1843 | D:3      | Reached skill level 1 in Shields
  1843 | D:3      | Reached XP level 5. HP: 18/34 MP: 5/5
  1843 | D:3      | Reached XP level 6. HP: 21/39 MP: 6/6
  2073 | D:3      | Noticed Grinder
  2088 | D:3      | Killed Grinder
  2089 | D:3      | Reached skill level 4 in Short Blades
  2089 | D:3      | Reached skill level 4 in Throwing
  2089 | D:3      | Reached skill level 2 in Shields
  2089 | D:3      | Reached XP level 7. HP: 32/45 MP: 7/7
  2703 | D:4      | Found a glowing golden altar of the Shining One.
  2752 | D:4      | Noticed Pikel
  2781 | D:4      | Killed Pikel
  2782 | D:4      | Reached skill level 5 in Short Blades
  2782 | D:4      | Reached skill level 5 in Throwing
  2782 | D:4      | Reached skill level 8 in Stealth
  2782 | D:4      | Reached skill level 3 in Shields
  2782 | D:4      | Reached XP level 8. HP: 20/50 MP: 2/8
  2932 | D:4      | Reached skill level 4 in Shields
  3026 | D:4      | Reached skill level 9 in Stealth
  3045 | D:4      | Learned a level 4 spell: Olgreb's Toxic Radiance
  3130 | D:4      | Found a snail-covered altar of Cheibriados.
  3196 | D:4      | Found an ornate altar of the Wu Jian Council.
  3217 | D:4      | Found a runed translucent door.
  3221 | D:4      | Found a basalt altar of Yredelemnul.
  3236 | D:4      | Reached skill level 1 in Spellcasting
  3236 | D:4      | Reached skill level 1 in Poison Magic
  3426 | D:5      | Entered Level 5 of the Dungeon
  3532 | D:5      | Found a transporter.
  3564 | D:5      | Found a one-way gate to the infinite horrors of the Abyss.
  3564 | D:5      | Noticed UltraNumeron's ghost (novice KoEn)
  3597 | D:5      | Found a transporter.
  3624 | D:5      | Found a burning altar of Makhleb.
  3652 | D:5      | Learned a level 4 spell: Cause Fear
  3698 | D:5      | Noticed Prince Ribbit
  3733 | D:5      | Killed Prince Ribbit
  3734 | D:5      | Reached skill level 1 in Hexes
  3734 | D:5      | Reached skill level 2 in Poison Magic
  3734 | D:5      | Reached XP level 9. HP: 6/54 MP: 3/11
  4361 | D:6      | Reached skill level 6 in Short Blades
  4540 | D:6      | Reached skill level 6 in Throwing
  4540 | D:6      | Reached skill level 2 in Spellcasting
  4596 | D:6      | Reached skill level 5 in Shields
  4686 | D:6      | Reached skill level 3 in Poison Magic
  4956 | D:6      | Found a glowing silver altar of Zin.
  5045 | D:6      | Reached skill level 10 in Stealth
  5054 | D:6      | Reached skill level 2 in Hexes
  5665 | D:7      | Found a staircase to the Ecumenical Temple.
  5675 | Temple   | Entered the Ecumenical Temple
  5782 | Temple   | Became a worshipper of Dithmenos the Shadowed
  6349 | D:8      | Found Nouxemn's Book Emporium.
  6369 | D:8      | Found a shimmering altar of Xom.
  6388 | D:8      | Identified the +11 falchion "Umon" {protect, Int+8 Dex-5}
  6416 | D:8      | Noticed a cyclops
  6420 | D:8      | Killed a cyclops
  6421 | D:8      | Reached skill level 3 in Spellcasting
  6421 | D:8      | Reached skill level 3 in Hexes
  6421 | D:8      | Reached skill level 4 in Poison Magic
  6421 | D:8      | Reached skill level 1 in Invocations
  6434 | D:8      | HP: 2/54 [wyvern (8)]
  6436 | D:8      | Slain by a wyvern

Illustrated notes

Levels and vault maps discovered:
D:1:      eino_arrival_water_star, layout_loops_corners, minmay_liquid_box
D:2:      layout_basic, shapermc_ecumenical_altar_mp_ritualfount,
          minmay_split_cup_small, uniq_robin
D:3:      layout_basic, kennysheep_generic_room_5, uniq_sigmund, uniq_grinder
D:4:      layout_basic, mainiacjoe_overflow_surrounded_room,
          mainiacjoe_overflow_brackets, dk_yredelemnul_ordeal,
          nicolae_tso_besieged_by_evil, grunt_ministairs_3, uniq_pikel
D:5:      layout_loops_ring, bloody_makhleb, gammafunk_ghost_abyssal_escape,
          uniq_prince_ribbit1
D:6:      layout_rooms, mainiacjoe_overflow_paths, general_overflow_altar,
          corexii_shack, minmay_curled_crystal
D:7:      nicolae_cairo_tiling, layout_basic, minmay_temple_entry_junction,
          kennysheep_generic_room_8
D:8:      layout_basic, grunt_temple_overflow_magic_moments,
          amcnicky_altar_gilded, marbit_many_paths, nicolae_take_the_stairs
Temple:   nicolae_temple_superstar

Skill      XL: |  1  2  3  4  5  6  7  8  9 |
---------------+----------------------------+-----
Stealth        | 6 7 8 9 10 | 10.4
Short Blades   | 3 4 5 6 |  6.5
Throwing       | 3 4 5 6 |  6.5
Shields        | 1 2 3 4 5 |  5.0
Spellcasting   | 1 3 |  3.0
Poison Magic   | 2 4 |  4.2
Hexes          | 1 3 |  3.0
Invocations    | 1 |  1.4
Fighting       | |  2.0
Dodging        | |  1.0

Action                     |  1- 3 |  4- 6 |  7- 9 || total
---------------------------+-------+-------+-------++-------
  Melee: Dagger            |    72 |    61 |   270 ||   403
         Constrict         |    20 |     9 |    55 ||    84
         Tentacles         |    16 |    10 |    88 ||   114
         Punch             |     3 |     2 |     4 ||     9
  Throw: Dart              |     1 |       |    26 ||    27
   Cast: Olgreb's Toxic Ra |       |       |     5 ||     5
  Evoke: Wand              |       |       |     2 ||     2
    Use: Potion            |       |       |     1 ||     1
   Stab: Sleeping          |     7 |     8 |    23 ||    38
 Armour: Skin              |     6 |     2 |     6 ||    14
  Dodge: Dodged            |    43 |    33 |    63 ||   139
  Block: Buckler           |       |    12 |    91 ||   103
         Other             |       |     9 |       ||     9
         Reflection        |       |       |     2 ||     2

Table legend: (Time is in decaauts)
 A = Elapsed time spent in this place.
 B = Non-inter-level travel time spent in this place.
 C = Inter-level travel time spent in this place.
 D = Time resting spent in this place.
 E = Time spent auto-exploring this place.
 F = Levels seen in this place.
 G = Mean time per level.
                   A        B        C        D        E       F      G
               +--------+--------+--------+--------+--------+-----+--------+
         Total |   6354 |   6001 |    353 |   1284 |   3498 |   9 |  706.0 |
       Dungeon |   6237 |   5893 |    344 |   1284 |   3418 |   8 |  779.6 |
        Temple |    116 |    107 |      9 |      0 |     80 |   1 |  116.0 |
               +--------+--------+--------+--------+--------+-----+--------+

Top non-repeatable levels by time:
     D:7: 1115 daAuts
     D:5: 1021 daAuts
     D:1: 989 daAuts
     D:3: 893 daAuts
     D:2: 873 daAuts
     D:4: 633 daAuts
     D:6: 625 daAuts
  Temple: 116 daAuts
     D:8: 85 daAuts
